 Dungeon Crawl Stone Soup version 0.31-a0-233-g139696dc86 (webtiles) character file.

Game seed: 8410634149214345172

13421 cowhearter the Carver (level 11, -3/85 HPs)
             Began as a Green Draconian Monk on July 8, 2023.
             Was a High Priest of Hepliaklqana.
             Shot with an arrow by Nessos (9 damage)
             ... on level 12 of the Dungeon.
             The game lasted 00:46:21 (12570 turns).

cowhearter the Carver (Green Draconian Monk)       Turns: 12570, Time: 00:46:21

Health: -3/85      AC: 19    Str: 16    XL:     11   Next: 75%
Magic:  14/14      EV: 15    Int: 12    God:    Hepliaklqana [*****.]
Gold:   546        SH:  0    Dex: 14    Spells: 11/14 levels left

rFire   . . .        n - +2 long sword (protect)
rCold   . . .        c - orb {light}
rNeg    + . .        (body armour unavailable)
rPois   +            (helmet restricted)
rElec   .            s - +0 cloak
rCorr   .            (no gloves)
SInv    .            (no boots)
Will    .....        i - amulet of regeneration
Stlth   +            o - +4 ring of protection
HPRegen 1.14/turn    v - ring of positive energy
MPRegen 0.14/turn

%: no passive effects
@: confused, ambrosia-drunk, under a protective aura, hasted, glowing, very
quick
A: reduced essence, breathe noxious fumes, AC +7, unfitting armour, poison
resistance, cold-blooded
a: Breathe Noxious Fumes, Renounce Religion, Recall Ancestor, Ancestor Identity,
Transference, Idealise


You were on level 12 of the Dungeon.
You worshipped Hepliaklqana.
Hepliaklqana was extremely pleased with you.
You visited 1 branch of the dungeon, and saw 12 of its levels.
You also visited: Bailey.

You collected 844 gold pieces.
You spent 298 gold pieces at shops.

Inventory:

Hand Weapons
 a - a +0 falchion
 m - a +0 arbalest
 n - a +2 long sword of protection (weapon)
 r - a +3 quarterstaff of chaos
 y - a +2 flail of draining
 M - a +2 long sword of freezing
Missiles
 B - 20 poisoned darts
 C - a curare-tipped dart
 D - 2 javelins
 N - 2 throwing nets
Armour
 c - an orb of light (worn)
 s - a +0 cloak (worn)
 F - a +0 kite shield
Jewellery
 i - an amulet of regeneration (around neck)
 o - a +4 ring of protection (left hand)
 v - a ring of positive energy (right hand)
 Q - a ring of positive energy
Wands
 K - a wand of iceblast (16)
 U - a wand of paralysis (9)
Scrolls
 b - a scroll of blinking {unknown}
 h - 2 scrolls of noise
 j - 5 scrolls of teleportation {unknown}
 l - 4 scrolls of summoning {unknown}
 p - 2 scrolls of poison {unknown}
 q - a scroll of fear {unknown}
 w - a scroll of silence {unknown}
 A - 3 scrolls of vulnerability {unknown}
 E - a scroll of enchant armour {unknown}
 G - 2 scrolls of revelation {unknown}
 I - a scroll of acquirement {unknown}
 J - 6 scrolls of fog {unknown}
 S - a scroll of brand weapon
Potions
 d - 3 potions of mutation
 e - 5 potions of enlightenment
 f - 3 potions of might
 k - 7 potions of curing
 t - 2 potions of resistance
 u - 2 potions of attraction
 x - 4 potions of berserk rage
 z - 2 potions of heal wounds
 H - 3 potions of haste
 O - 4 potions of brilliance
 P - a potion of invisibility
 T - a potion of degeneration
 V - 2 potions of lignification {unknown}
Miscellaneous
 R - a piece from Xom's chessboard (15/15)


   Skills:
 + Level 8.6 Fighting
 * Level 12.9 Long Blades
 + Level 7.7 Dodging
 + Level 4.2 Stealth
 * Level 2.0 Spellcasting
 * Level 2.5 Transmutations
 * Level 9.2 Poison Magic


You had 11 spell levels left.
You knew the following spells:

 Your Spells              Type           Power      Damage    Failure   Level
a - Spider Form           Tmut/Pois      15%        N/A       7%          3

Your spell library contained the following spells:

 Spells                   Type           Power      Damage    Failure   Level
 Passwall                 Tmut/Erth      3%         N/A       24%         2
 Freeze                   Ice            4%         1d3       26%         1
 Slow                     Hex            4%         N/A       26%         1
 Blink                    Tloc           2%         N/A       38%         2
 Ensorcelled Hibernation  Hex/Ice        2%         N/A       38%         2
 Lesser Beckoning         Tloc           2%         N/A       38%         2
 Momentum Strike          Conj/Tloc      2%         3d8       38%         2
 Call Canine Familiar     Summ           1%         N/A       63%         3
 Confusing Touch          Hex            1%         N/A       63%         3
 Frozen Ramparts          Ice            2%         1d1       63%         3
 Hailstorm                Conj/Ice       1%         3d3       63%         3
 Inner Flame              Hex/Fire       1%         N/A       63%         3
 Ozocubu's Armour         Ice            1%         N/A       63%         3
 Portal Projectile        Hex/Tloc       2%         N/A       63%         3
 Swiftness                Air            1%         N/A       63%         3
 Vampiric Draining        Necr           1%         2d6       63%         3
 Anguish                  Hex/Necr       0%         N/A       95%         4
 Flame Wave               Conj/Fire      1%         2d4       95%         4
 Leda's Liquefaction      Hex/Erth       0%         N/A       95%         4
 Sticky Flame             Conj/Fire      1%         2d3       95%         4
 Blade Hands              Tmut           3%         N/A       95%         5
 Irradiate                Conj/Tmut      2%         3d12      99%         5
 Metabolic Englaciation   Hex/Ice        0%         N/A       100%        5
 Simulacrum               Ice/Necr       0%         N/A       100%        6
 Dragon Form              Tmut           3%         N/A       100%        7
 Chain Lightning          Conj/Air       0%         2d1       100%        9
 Fire Storm               Conj/Fire      0%         6d1       100%        9
 Shatter                  Erth           0%         3d5*      100%        9


Dungeon Overview and Level Annotations

Branches:
Dungeon (12/15)            Temple (0/1) D:6            Lair (0/5) D:11
    Orc (0/2) D:11         Bailey (visited)

Altars:
Ashenzari
Dithmenos
Elyvilon
Hepliaklqana
Kikubaaqudgha
Makhleb
Nemelex Xobeh
Okawaru
Qazlal
Trog
Wu Jian
Zin
The Shining One

Shops:
D:4 (   D:7 ?!*   D:10 !?!*[

Portals:
Trove: D:11 (give +5 demon trident)

Annotations:
D:12 Nessos


Innate Abilities, Weirdness & Mutations

Your life essence is reduced to manifest your ancestor. (-10% HP)
You can breathe blasts of noxious fumes.
Your lurid green scales are hard. (AC +7)
You cannot fit into any form of body armour.
Your system is resistant to poisons. (rPois)
You are cold-blooded and may be slowed by cold attacks.


Message History

The vampire mosquito barely misses you.
You hit the vampire mosquito but do no damage.
You tail-slap the vampire mosquito, but do no damage.
The vampire mosquito is almost destroyed.
The vampire mosquito completely misses you.
Nessos shoots an arrow.
The arrow closely misses you. The vampire mosquito barely misses you.
The vampire mosquito completely misses you.
You hit the vampire mosquito.
You destroy the vampire mosquito!
Nessos shoots an arrow.
The arrow hits you. The arrow burns you.
* * * LOW HITPOINT WARNING * * *
The vampire mosquito bites you but does no damage. x2
You slash the vampire mosquito!
Your tail-slap misses the vampire mosquito.
The vampire mosquito is almost destroyed.
Nessos shoots an arrow.
The arrow hits you but does no damage. The vampire mosquito bites you!
* * * LOW HITPOINT WARNING * * *
The vampire mosquito draws strength from your injuries!
The vampire mosquito bites you.
* * * LOW HITPOINT WARNING * * *
The vampire mosquito draws strength from your injuries!
The vampire mosquito barely misses you.
Nessos shoots an arrow.
The arrow hits you!
* * * LOW HITPOINT WARNING * * *
The arrow burns you.
* * * LOW HITPOINT WARNING * * *
You feel much better.
The vampire mosquito closely misses you. x2
Nessos shoots an arrow.
The arrow misses you.
Quintus completely misses the vampire mosquito.
The vampire mosquito barely misses you. The vampire mosquito bites you.
* * * LOW HITPOINT WARNING * * *
The vampire mosquito draws strength from your injuries!
You are confused.
You feel invigorated.
Nessos shoots an arrow.
The arrow hits you!!
* * * LOW HITPOINT WARNING * * *
The arrow burns you!
You die...

#...# #))..~~≈#..
#c..# #)...~≈≈#.:
#...# #....~≈≈+.?
#...# #....~≈≈#.?
#...# #....~≈≈#..
#.§.# #.....~≈###
#...####.....~≈°≈≈
#....[........○~~≈
#@y..........°○§~~
#yy#####.....°○...
#.R# #.....°....
.########..#
#..####....
......y....# #..#
.... ........(..#
#..# ....
...........# #..#
.?.. ......$....#
#..# ...
...........#


You could see the friendly Quintus the knight, Nessos (fast) and 3 vampire
mosquitoes.

Vanquished Creatures
  Harold (D:9)
  2 two-headed ogres
  Pikel (D:6)
  An ugly thing (D:11)
  Joseph (D:10)
  A gargoyle (Bailey)
  4 trolls
  A vampire (Bailey)
  A wyvern (D:9)
  A water elemental (D:12)
  Eustachio (D:6)
  8 yaks
  Grum (D:9)
  4 steam dragons
  A vampire mosquito (D:12)
  Menkaure (D:6)
  3 water moccasins
  2 orc warriors
  3 sky beasts
  4 black bears
  An ogre (D:7)
  2 wolves (D:9)
  4 centaurs
  3 lemures (D:6)
  2 bullfrogs
  2 gnoll sergeants
  2 scorpions
  3 wights (D:8)
  8 vampire bats
  7 howler monkeys
  2 wolf zombies (Bailey)
  Crazy Yiuf (D:2)
  5 hounds
  A jelly (D:6)
  An orc priest (D:7)
  A sleepcap (D:7)
  4 iguanas
  5 orc wizards
  Robin (D:2)
  7 adders
  8 gnolls
  A shadow imp (D:7)
  3 ufetubi
  2 worms
  28 orcs
  6 ball pythons
  14 bats
  2 endoplasms
  7 giant cockroaches
  21 goblins
  12 hobgoblins
  4 jackals (D:1)
  11 kobolds
  6 quokkas
  5 frilled lizards
  16 orc zombies (Bailey)
  6 rats
256 creatures vanquished.

Vanquished Creatures (collateral kills)
  A cyclops (D:12)
  The ghost of promet the Thaumaturge, a novice DEHW of Dithmenos (D:6)
  The ghost of puppykicker the Skirmisher, a novice DEHs of Fedhas (D:6)
  Prince Ribbit (D:9)
  A hornet (D:9)
  2 yaks (D:12)
  A steam dragon (D:7)
  2 water moccasins
  A floating eye (shapeshifter) (D:11)
  A sky beast (D:7)
  A black bear (D:11)
  2 centaurs
  A kobold brigand (D:7)
  A bullfrog (D:9)
  A scorpion (D:6)
  A wight (D:8)
  3 wolf zombies (Bailey)
  A howler monkey (D:8)
  An electric eel (D:12)
  A vampire bat (Bailey)
  A gnoll bouda (D:6)
  2 orc priests
  An orc wizard (D:10)
  5 gnolls
  7 orcs
  3 goblins
  9 orc zombies (Bailey)
53 creatures vanquished.

Vanquished Creatures (others)
  An orc (D:7)
1 creature vanquished.

Grand Total: 310 creatures vanquished

Notes
Turn   | Place    | Note
-------+----------+-------------------------------------------
     0 | D:1      | cowhearter the Draconian Monk began the quest for the Orb.
     0 | D:1      | Reached XP level 1. HP: 19/19 MP: 1/1
   110 | D:1      | Reached XP level 2. HP: 21/26 MP: 2/2
   418 | D:1      | Reached XP level 3. HP: 33/33 MP: 3/3
   463 | D:1      | Found a faded altar of an unknown god.
   992 | D:2      | Noticed Robin
  1029 | D:2      | Killed Robin
  1035 | D:2      | Reached skill level 4 in Long Blades
  1035 | D:2      | Reached XP level 4. HP: 23/40 MP: 4/4
  1171 | D:2      | Found a hazy altar of Hepliaklqana.
  1595 | D:2      | Found a runed translucent door.
  1596 | D:2      | Noticed Crazy Yiuf
  1641 | D:2      | Killed Crazy Yiuf
  2100 | D:3      | Reached XP level 5. HP: 42/46 MP: 5/5
  2280 | D:3      | Found a glowing golden altar of the Shining One.
  2490 | D:3      | Found a glowing silver altar of Zin.
  2549 | D:3      | Reached skill level 5 in Long Blades
  2630 | D:3      | Found an ancient bone altar of Kikubaaqudgha.
  3343 | D:4      | Found a shadowy altar of Dithmenos.
  3435 | D:4      | Reached XP level 6. HP: 53/53 MP: 6/6
  3827 | D:4      | Found Esipeoxt's Firing Range.
  4130 | D:4      | Reached skill level 6 in Long Blades
  4478 | D:5      | Entered Level 5 of the Dungeon
  4578 | D:4      | Your scales start taking on a lurid green colour.
  4578 | D:4      | Reached XP level 7. HP: 41/60 MP: 7/7
  4578 | D:4      | Gained mutation: Your system is resistant to poisons.
                  | (rPois) [Green Draconian growth]
  4585 | D:4      | Learned a level 3 spell: Spider Form
  4720 | D:5      | Reached skill level 1 in Poison Magic
  4914 | D:5      | Reached skill level 1 in Stealth
  5346 | D:5      | Found a white marble altar of Elyvilon.
  5754 | D:2      | Became a worshipper of Hepliaklqana the Forgotten
  5754 | D:2      | Reached * piety under Hepliaklqana
  5754 | D:2      | Reached ** piety under Hepliaklqana
  5755 | D:2      | Remembered your ancestor Quintus as a knight
  5805 | D:6      | Found a burning altar of Makhleb.
  5826 | D:6      | Found a hazy altar of Hepliaklqana.
  5828 | D:6      | Noticed Menkaure
  5834 | D:6      | Killed Menkaure
  5835 | D:6      | Reached skill level 5 in Fighting
  5835 | D:6      | Reached skill level 7 in Long Blades
  5882 | D:6      | Found a staircase to the Ecumenical Temple.
  5910 | D:6      | Found a bloodstained altar of Trog.
  5919 | D:6      | Reached XP level 8. HP: 61/61 MP: 8/8
  6034 | D:6      | Noticed Pikel
  6047 | D:6      | Killed Pikel
  6048 | D:6      | Reached skill level 8 in Long Blades
  6145 | D:6      | Noticed Eustachio
  6153 | D:6      | Reached skill level 5 in Dodging
  6166 | D:6      | Killed Eustachio
  6340 | D:6      | Found a runed translucent gate.
  6340 | D:6      | Found a runed translucent gate.
  6341 | D:6      | Found a runed translucent gate.
  6343 | D:6      | Noticed puppykicker's ghost (novice DEHs)
  6343 | D:6      | Noticed promet's ghost (novice DEHW)
  6814 | D:6      | Killed puppykicker's ghost
  6815 | D:6      | Reached skill level 5 in Poison Magic
  6815 | D:6      | Reached XP level 9. HP: 55/67 MP: 9/9
  6823 | D:6      | Killed promet's ghost
  6824 | D:6      | Reached skill level 9 in Long Blades
  6948 | D:7      | Noticed a troll
  6961 | D:7      | Killed a troll
  7130 | D:7      | Found Unannuw's Distillery.
  7253 | D:7      | Found Oxujeb's General Store.
  7424 | D:7      | Found an ornate altar of the Wu Jian Council.
  7426 | D:7      | Reached *** piety under Hepliaklqana
  7626 | D:7      | Reached skill level 10 in Long Blades
  7801 | D:7      | Found Ylealur's Magic Scroll Shop.
  7826 | D:7      | Bought a potion of heal wounds for 70 gold pieces
  7826 | D:7      | Bought a potion of curing for 42 gold pieces
  8285 | D:8      | Reached XP level 10. HP: 75/75 MP: 10/10
  8528 | D:8      | Found a sparkling altar of Nemelex Xobeh.
  8660 | D:8      | Found a stormy altar of Qazlal.
  8913 | D:8      | Found an iron altar of Okawaru.
  9348 | D:9      | Noticed Prince Ribbit
  9358 | D:9      | Killed Prince Ribbit
  9359 | D:9      | Reached skill level 11 in Long Blades
  9411 | D:9      | Found a broken altar of Ashenzari.
  9593 | D:9      | Noticed Harold
  9593 | D:9      | Noticed Grum
  9613 | D:9      | Killed Harold
  9620 | D:9      | Killed Grum
  9722 | D:9      | Noticed a two-headed ogre
  9729 | D:9      | Killed a two-headed ogre
  9874 | D:10     | Entered Level 10 of the Dungeon
  9932 | D:10     | Reached **** piety under Hepliaklqana
  9941 | D:10     | Found Reokie's General Store.
  9991 | D:10     | Reached XP level 11. HP: 84/84 MP: 11/11
 10029 | D:10     | Found Tacs's Armour Boutique.
 10052 | D:10     | Noticed a two-headed ogre
 10059 | D:10     | Killed a two-headed ogre
 10060 | D:10     | Reached skill level 12 in Long Blades
 10108 | D:10     | Found a flagged portal.
 10116 | Bailey   | Entered a bailey
 10534 | Bailey   | Identified the +1 robe of the Doldrums {rF+}
 10638 | Bailey   | Identified the +8 chain mail of Autumn {-Tele Str+3 Int+3}
 10826 | D:10     | Found Leczaf's Distillery.
 10917 | D:10     | Found Ciopp's Magic Scroll Emporium.
 10938 | D:10     | Noticed Joseph
 10951 | D:10     | Killed Joseph
 11031 | D:10     | Bought a scroll of brand weapon for 142 gold pieces
 11031 | D:10     | Bought a scroll of identify for 30 gold pieces
 11273 | D:10     | Found Xuowax's Distillery.
 11299 | D:10     | Bought a potion of degeneration for 14 gold pieces
 11445 | D:11     | Found a staircase to the Lair.
 11456 | D:11     | Reached skill level 1 in Transmutations
 11459 | D:11     | Reached skill level 1 in Spellcasting
 11509 | D:11     | a polar bear changed into a swamp dragon
 11509 | D:11     | Noticed a swamp dragon (shapeshifter)
 11516 | D:11     | a swamp dragon changed into a floating eye
 11738 | D:11     | Reached ***** piety under Hepliaklqana
 11793 | D:11     | Found a staircase to the Orcish Mines.
 12116 | D:11     | Found a portal to a secret trove of treasure.
 12218 | D:11     | Noticed a brown ugly thing
 12232 | D:11     | Killed a brown ugly thing
 12548 | D:12     | Noticed Nessos
 12568 | D:12     | HP: 2/85 [Nessos/arrow (9)]
 12570 | D:12     | Shot with an arrow by Nessos

Illustrated notes

Levels and vault maps discovered:
D:1:      scummos_arrival_hexagon, layout_basic,
          hellmonk_ecumenical_altar_inner_sanctum
D:2:      layout_basic, basic_altar, uniq_robin, uniq_crazy_yiuf_cottage
D:3:      layout_basic, nicolae_tso_carved_into_rock,
          mainiacjoe_overflow_alcove_2, mainiacjoe_overflow_brackets
D:4:      layout_gridville, nicolae_dithmenos_through_a_glass_darkly,
          roderic_batcave, nicolae_shop_firing_range
D:5:      layout_loops_ring, nicolae_elyvilon_temple_path
D:6:      layout_loops_ring, nicolae_hepliaklqana_hazy_memory, bloody_makhleb,
          mainiacjoe_overflow_chevrons, minmay_temple_entry_grid,
          gammafunk_ghost_cemetery, kennysheep_minor_cross, uniq_pikel,
          uniq_menkaure, uniq_eustachio
D:7:      layout_loops_ring, amcnicky_altar_gilded, serial_shops,
          nicolae_shop_waterfront, shop, shop, hangedman_misty_isle
D:8:      layout_loops_corners, nemelex_diamond_rough_becter,
          mainiacjoe_overflow_small_starburst, kennysheep_okawaru_gauntlet
D:9:      layout_roguey, ashenzari_altar_1, uniq_harold, uniq_prince_ribbit1,
          uniq_grum
D:10:     layout_loops_ring, enter_bailey_3, serial_shops, shop, shop, shop,
          nicolae_shop_industrial_runoff, nicolae_inconvenience_store,
          uniq_joseph
D:11:     layout_stronghold, due_lair_maze_entry_diamond, hiddenorc1_lemuel,
          nicolae_trove_entry_diagonal
D:12:     layout_long_grid, gammafunk_ghost_hydra_chop, lemuel_freeze_loot_1,
          uniq_nessos, uniq_frances, uniq_urug

Skill      XL: |  1  2  3  4  5  6  7  8  9 10 11 |
---------------+----------------------------------+-----
Dodging        | 3 4 5 6 7 |  7.7
Fighting       | 4 5 6 7 8 |  8.6
Long Blades    | 4 5 6 7 8 10 11 12 | 12.9
Poison Magic   | 3 5 6 8 9 |  9.2
Stealth        | 1 2 3 4 |  4.2
Transmutations | 2 |  2.5
Spellcasting   | 2 |  2.0

Action                     |  1- 3 |  4- 6 |  7- 9 | 10-12 || total
---------------------------+-------+-------+-------+-------++-------
  Melee: Falchion          |   122 |     6 |       |       ||   128
         Tailslap          |    12 |    22 |    47 |    96 ||   177
         Long sword        |       |   180 |   194 |   420 ||   794
 Invoke: Ancestor Life: Kn |       |       |     1 |       ||     1
    Use: Potion            |       |       |     1 |     6 ||     7
         Scroll            |       |       |       |    10 ||    10
   Stab: Distracted        |       |       |     2 |     8 ||    10
 Armour: Skin              |    38 |    72 |    96 |   204 ||   410
  Dodge: Dodged            |    86 |   129 |   181 |   383 ||   779

Table legend: (Time is in decaauts)
 A = Elapsed time spent in this place.
 B = Non-inter-level travel time spent in this place.
 C = Inter-level travel time spent in this place.
 D = Time resting spent in this place.
 E = Time spent auto-exploring this place.
 F = Levels seen in this place.
 G = Mean time per level.
                   A        B        C        D        E       F      G
               +--------+--------+--------+--------+--------+-----+--------+
         Total |  12559 |  12223 |    336 |   3285 |   6489 |  13 |  966.1 |
       Dungeon |  11897 |  11561 |    336 |   3120 |   6321 |  12 |  991.4 |
        Bailey |    661 |    661 |      0 |    165 |    168 |   1 |  661.0 |
               +--------+--------+--------+--------+--------+-----+--------+

Top non-repeatable levels by time:
     D:4: 1359 daAuts
     D:3: 1305 daAuts
     D:2: 1296 daAuts
     D:6: 1170 daAuts
     D:5: 1145 daAuts
     D:7: 1041 daAuts
     D:8: 1038 daAuts
    D:11: 996 daAuts
     D:9: 825 daAuts
    D:10: 813 daAuts
     D:1: 744 daAuts
  Bailey: 661 daAuts
    D:12: 161 daAuts
